 Dungeon Crawl Stone Soup version 0.22.1-1-ga44c0e56f4 (webtiles) character file.

246 marisa the Poker (level 6, -3/47 HPs)
             Began as a Merfolk Skald on Sept 21, 2018.
             Was an Initiate of Gozag.
             Slain by a scorpion (5 damage)
             ... on level 4 of the Dungeon.
             The game lasted 00:24:38 (5161 turns).

marisa the Poker (Merfolk Skald)                    Turns: 5161, Time: 00:24:39

Health: -3/47      AC:  5    Str:  9 (11) XL:     6   Next: 11%
Magic:  9/9        EV: 13    Int: 14      God:    Gozag
Gold:   395        SH:  0    Dex: 14      Spells: 4/9 levels left

rFire    + . .     SeeInvis .   a - +0 spear
rCold    . . .     Gourm    .   (no shield)
rNeg     . . .     Faith    .   b - +1 leather armour
rPois    .         Spirit   .   (no helmet)
rElec    .         Reflect  .   (no cloak)
rCorr    .         Harm     .   k - +0 pair of gloves
MR       .....                  (no boots)
Stlth    +.........             (no amulet)
HPRegen  0.15/turn              h - ring of protection from fire
MPRegen  0.11/turn              (no ring)

@: lethally poisoned (-3 -> -11)
A: change form in water, swift swim, stealthy swim
a: Potion Petition, Call Merchant, Bribe Branch, Renounce Religion


You were on level 4 of the Dungeon.
You worshipped Gozag.
Gozag was aware of your devotion.
You were not hungry.

You visited 1 branch of the dungeon, and saw 4 of its levels.

You collected 401 gold pieces.
You paid 6 gold pieces to Gozag.

Inventory:

Hand Weapons
 a - a +0 spear (weapon)
Armour
 b - a +1 leather armour (worn)
 k - a +0 pair of gloves (worn)
Jewellery
 h - a ring of protection from fire (left hand)
Wands
 c - a wand of disintegration (14)
Scrolls
 f - 2 scrolls of identify
 g - a scroll of magic mapping
 l - a scroll of teleportation
Potions
 i - a potion of agility
Comestibles
 d - 2 rations


   Skills:
 + Level 3.5 Fighting
 + Level 5.1 Polearms
 + Level 2.4 Armour
 + Level 3.8 Dodging
 + Level 0.5 Stealth
 + Level 2.1 Spellcasting
 + Level 3.7 Charms


You had 4 spell levels left.
You knew the following spells:

 Your Spells              Type           Power        Failure   Level  Hunger
a - Infusion              Chrm           ##..         7%          1    ##.....
b - Song of Slaying       Chrm           ##......     11%         2    ###....
c - Shroud of Golubria    Chrm/Tloc      #.........   22%         2    ###....

Your spell library contained the following spells:

 Spells                   Type           Power        Failure   Level  Hunger
 Regeneration             Chrm/Necr      #.........   41%         3    ####...
 Spectral Weapon          Hex/Chrm       #.......     41%         3    ####...


Dungeon Overview and Level Annotations

Branches:
Dungeon (4/15)
 Temple: D:4-7

Altars:
Dithmenos
Gozag
Hepliaklqana

Annotations:
D:2 gnolls


Message History

The scorpion poisons you!
Okay, then.
* * * LOW HITPOINT WARNING * * *
You feel sick.
* * * LOW HITPOINT WARNING * * *
You feel sick.
Evoke which item? (* to show all) (? for menu, Esc to quit)
Aiming: Disintegrate
Press: ? - help, Shift-Dir - straight line, f/p - scorpion
Aim: a scorpion (severely wounded, chance to defeat MR: 65%)
The scorpion struggles to resist.
The scorpion stings you.
* * * LOW HITPOINT WARNING * * *
Okay, then.
As you read the scroll labeled ZINAERUITU, it crumbles to dust.
It is a scroll of enchant armour.
Your +0 leather armour glows green for a moment.
* * * LOW HITPOINT WARNING * * *
You feel sick. The scorpion stings you.
You die...
Your body crumbles into a pile of gold.

# #.#.......#
#####.##.###.....#
.......)..).##.#.#
#####.##.##[##.#.#
# #..#.#..#.#
##+######.# #...#
#.#####..
#@......... $
+s#####.... $
#.w........
#.#>##....
#.#........
#.#........
...........
...........
#.#.#.......


You could see a worm and a scorpion.

Vanquished Creatures
  A hound (D:3)
  An orc priest (D:4)
  A worker ant (D:4)
  4 gnolls (D:2)
  2 adders
  3 worms (D:2)
  A dart slug (D:3)
  3 leopard geckos (D:3)
  14 orcs
  9 goblins
  7 hobgoblins
  4 jackals
  5 kobolds
  2 quokkas (D:3)
  2 ball pythons
  13 bats
  4 frilled lizards
  4 rats
80 creatures vanquished.

Notes
Turn   | Place    | Note
-------+----------+-------------------------------------------
     0 | D:1      | marisa the Merfolk Skald began the quest for the Orb.
     0 | D:1      | Reached XP level 1. HP: 16/16 MP: 3/3
     2 | D:1      | Noticed a ghoul
     2 | D:1      | Noticed an ogre
     6 | D:1      | Noticed a troll
     6 | D:1      | Noticed a merfolk
     8 | D:1      | Noticed a demigod
    10 | D:1      | Noticed a spriggan
    10 | D:1      | Noticed a vampire
    12 | D:1      | Noticed a draconian
    12 | D:1      | Noticed a vine stalker
    14 | D:1      | Noticed a minotaur
    14 | D:1      | Noticed a centaur
    16 | D:1      | Noticed an octopode
    16 | D:1      | Noticed a formicid
    18 | D:1      | Noticed an elf
    20 | D:1      | Noticed a naga
    20 | D:1      | Noticed a human
    22 | D:1      | Noticed a felid
    22 | D:1      | Noticed a tengu
    24 | D:1      | Noticed a demonspawn
    24 | D:1      | Noticed a gargoyle
    26 | D:1      | Noticed a halfling
    26 | D:1      | Noticed a dwarf
   168 | D:1      | Reached XP level 2. HP: 9/23 MP: 5/5
   455 | D:1      | Reached skill level 1 in Armour
   990 | D:2      | Reached XP level 3. HP: 28/28 MP: 6/6
   994 | D:2      | Found a hazy altar of Hepliaklqana.
  1001 | D:2      | Found a shadowy altar of Dithmenos.
  1031 | D:2      | Found an opulent altar of Gozag.
  1058 | D:2      | Became a worshipper of Gozag Ym Sagoz the Greedy
  1101 | D:2      | Reached skill level 4 in Polearms
  2379 | D:3      | Reached XP level 4. HP: 26/34 MP: 4/7
  2502 | D:3      | Learned a level 2 spell: Song of Slaying
  2505 | D:3      | Learned a level 2 spell: Shroud of Golubria
  2956 | D:3      | HP: 1/34 [hound (4)]
  3656 | D:2      | Reached XP level 5. HP: 13/41 MP: 5/8
  4135 | D:2      | Reached skill level 5 in Polearms
  5074 | D:4      | Reached XP level 6. HP: 47/47 MP: 9/9
  5161 | D:4      | HP: 2/47 [poisoned by a scorpion]
  5161 | D:4      | Slain by a scorpion

Skill      XL: |  1  2  3  4  5 |
---------------+----------------+-----
Armour         | 1 2 |  2.4
Polearms       | 4 5 |  5.1
Dodging        | 3 |  3.8
Fighting       | 3 |  3.5
Stealth        | |  0.5
Spellcasting   | |  2.1
Charms         | |  3.7

Action                   |  1- 3 |  4- 6 || total
-------------------------+-------+-------++-------
Melee: Spear             |   176 |   259 ||   435
 Cast: Infusion          |     3 |       ||     3
       Shroud of Golubri |       |     5 ||     5
       Song of Slaying   |       |     5 ||     5
Invok: Potion Petition   |     1 |       ||     1
Evoke: Wand              |       |     5 ||     5
  Use: Potion            |     4 |     4 ||     8
       Scroll            |     1 |     5 ||     6
 Stab: Sleeping          |     1 |     3 ||     4
       Distracted        |       |     2 ||     2
  Eat: Ration            |     2 |     3 ||     5
Armor: Leather armour    |    36 |    42 ||    78
       Skin              |     5 |       ||     5
Dodge: Dodged            |    98 |   157 ||   255
